 Dungeon Crawl Stone Soup version 0.16-a0-967-g37ceb3c (webtiles) character file.

218 MackTheKnife the Cudgeler (level 5, -3/45 HPs)
             Began as a Minotaur Chaos Knight on Oct 2, 2014.
             Was a Plaything of Xom.
             Slain by an ogre
             ... wielding a +0 giant club
              (36 damage)
             ... on Level 5 of the Dungeon.
             The game lasted 00:07:01 (2107 turns).

MackTheKnife the Cudgeler (Minotaur Chaos Knight)   Turns: 2107, Time: 00:07:02

HP  -3/45        AC 13     Str 16      XL: 5   Next: 63%
MP   2/2         EV  4     Int  9      God: Xom
Gold 173         SH  0     Dex 13      Spells:  0 memorised,  4 levels left

rFire  . . .     SeeInvis .     a - +0 mace (chaos)
rCold  . . .     Clarity  .     k - +1 plate armour
rNeg   . . .     rCorr    .     (no shield)
rPois  .         rRot     .     (helmet restricted)
rElec  .         Spirit   .     (no cloak)
SustAb .         Warding  .     (no gloves)
rMut   .         Stasis   .     (no boots)
Gourm  .                        (no amulet)
MR     .....                    (no ring)
                                q - ring of teleport control

@: not resistant to hostile enchantments, extremely unstealthy
A: retaliatory headbutt, horns 2, talons 1, agile 1, wild magic 1
a: Renounce Religion, Evoke Teleport Control


You were on level 5 of the Dungeon.
You worshipped Xom.
You were a toy of Xom.
You were not hungry.

You visited 1 branch of the dungeon, and saw 5 of its levels.
You also visited: Sewer.

You collected 173 gold pieces.


Innate Abilities, Weirdness & Mutations

You reflexively headbutt those who attack you in melee.
You have a pair of horns on your head.
You have sharp toenails.
You are agile. (Dex +2)
Your spells are a little harder to cast, but a little more powerful.


   Skills:
 - Level 3.6 Fighting
 + Level 6.4 Maces & Flails
 + Level 4.8 Armour
 - Level 1.1 Dodging


You had 4 spell levels left.
You didn't know any spells.

Inventory:

Hand weapons
 a - a +0 mace of chaos (weapon)
Armour
 k - a +1 plate armour (worn)
Comestibles
 c - 2 bread rations
 d - 3 meat rations
 i - 3 rotting chunks of crocodile flesh {@*1}
 j - a fruit
 o - 2 beef jerkies
 p - a slice of pizza
Scrolls
 e - 2 scrolls of teleportation
 g - 2 scrolls of remove curse
 l - 2 scrolls of identify
Jewellery
 q - a ring of teleport control (left hand)
Potions
 b - a potion of heal wounds {unknown}
 f - a potion of curing {unknown}
 h - a potion of might {unknown}
 m - a potion of brilliance {unknown}
 n - a potion of lignification {unknown}
 s - a potion of invisibility {unknown}

▒▒· ·▒▒▒···
···)····
▒·······▒▒
▒▒·······▒
▒▒········▒▒
···········▒▒▒·
▒···O········
▒···H)····▒
▒▒········▒▒
▒·········▒ ·
▒····▒····▒
▒····▒▒···▒
▒····▒ ▒··▒ ··
▒▒···▒▒ ▒· ▒··▒
▒▒····▒ ·
▒▒··▒▒▒
▒▒····▒▒
··▒······▒


You could see an ogre (berserk).


Message History

Unknown command.
A rat comes into view.
The rat twitches its whiskers.
A rat is nearby!
A rat is nearby!
A rat is nearby!
A rat is nearby!
Your plate armour prevents you from hitting the rat.
You claw the rat, but do no damage. You headbutt the rat.
The rat is severely wounded.
The rat barely misses you.
You hit the rat.
You kill the rat!
No target in view!
No target in view!
Found a dagger.
An ogre comes into view. It is wielding a giant club.
The ogre shouts!
You are now a toy of Xom.
Found a spear.
The ogre hits you with a giant club.
You hit the ogre. You burn the ogre. You headbutt the ogre.
The ogre is lightly wounded.
The ogre hits you with a giant club!
You hit the ogre.
The ogre goes berserk!
You claw the ogre, but do no damage.
The ogre is lightly wounded.
The ogre hits you with a giant club!!!
Ouch! That really hurt!
You die...
Xom giggles madly!

Action                   |  1- 3 |  4- 6 || total
-------------------------+-------+-------++-------
Melee: Mace              |    88 |    69 ||   157
  Use: Scroll            |       |     8 ||     8
       Potion            |       |     1 ||     1
  Eat: Chunk             |     1 |     3 ||     4

Vault maps used:
D:1:      saegor_arrival_simple_f, kennysheep_flooded_box
D:2:      grunt_temple_overflow_open, first_bread
D:3:      old_standard_altar, roderic_cross_of_infinity
D:4:      grunt_qazlal_clouds, portal_sewer_entry_f
D:5:      minmay_temple_entry_statues, trog_wizard
Sewer:    sewer_the_crocodile

Notes
Turn   | Place    | Note
--------------------------------------------------------------
     0 | D:1      | MackTheKnife, the Minotaur Chaos Knight, began the quest for the Orb.
     0 | D:1      | Reached XP level 1. HP: 19/19 MP: 1/1
   136 | D:1      | Found an iron altar of Okawaru.
   262 | D:1      | Reached skill level 4 in Maces & Flails
   277 | D:1      | Reached XP level 2. HP: 13/26 MP: 1/1
   409 | D:1      | XOM: divination: magic mapping
   480 | D:1      | XOM: mild Fire miscast
   702 | D:1      | XOM: divination: detect creatures
   738 | D:2      | XOM: divination: detect items
   743 | D:1      | Reached skill level 5 in Maces & Flails
   875 | D:2      | Reached XP level 3. HP: 26/31 MP: 2/2
   908 | D:2      | XOM: colour smoke trail
   960 | D:2      | Found a shimmering altar of Xom.
   960 | D:2      | Found an iron altar of Okawaru.
   960 | D:2      | Found a white marble altar of Elyvilon.
   960 | D:2      | Found a burning altar of Makhleb.
   960 | D:2      | Found a glowing golden altar of the Shining One.
   960 | D:2      | Found a glowing silver altar of Zin.
   960 | D:2      | Found a radiant altar of Vehumet.
   960 | D:2      | XOM: 10-stop teleportation journey
  1316 | D:3      | Reached skill level 3 in Armour
  1321 | D:3      | Reached XP level 4. HP: 28/39 MP: 2/2
  1388 | D:3      | Gained mutation: Your spells are a little harder to cast, but a little more powerful. [potion of mutation]
  1388 | D:3      | Gained mutation: You are agile. (Dex +2) [potion of mutation]
  1388 | D:3      | Gained mutation: You have sharp toenails. [potion of mutation]
  1393 | D:3      | Found a blossoming altar of Fedhas.
  1623 | D:3      | XOM: god gift: quarterstaff {god gift}
  1643 | D:4      | XOM: stealth player
  1659 | D:4      | XOM: chaos cloud
  1711 | D:4      | Found a glowing drain.
  1716 | D:4      | Reached skill level 4 in Armour
  1738 | Sewer    | Entered a sewer
  1785 | Sewer    | Reached XP level 5. HP: 39/45 MP: 2/2
  1823 | Sewer    | Noticed a crocodile
  1823 | Sewer    | XOM: enchant monster (good)
  1830 | Sewer    | XOM: confuse monster(s)
  1836 | Sewer    | XOM: butterfly on damage
  1838 | Sewer    | Killed a crocodile
  1838 | Sewer    | Reached skill level 6 in Maces & Flails
  2037 | D:4      | Noticed a boggart
  2037 | D:4      | an adder changed into a boggart
  2043 | D:5      | Entered Level 5 of the Dungeon
  2065 | D:5      | Found a staircase to the Ecumenical Temple.
  2102 | D:5      | Noticed an ogre
  2107 | D:5      | Slain by an ogre

Vanquished Creatures
  A crocodile (Sewer)
  An iguana (D:4)
  3 gnolls (D:3)
  5 giant mites
  3 giant geckos
  3 giant cockroaches
  6 goblins
  A hobgoblin (D:3)
  8 kobolds
  A quokka (D:2)
  A ball python (D:2)
  6 bats
  5 giant newts
  9 jackals
  9 rats
62 creatures vanquished.
